 Dungeon Crawl Stone Soup version 0.19.4-10-g532645f (webtiles) character file.

16 CyberKiller the Skirmisher (level 2, -1/25 HPs)
             Began as a Formicid Abyssal Knight on Feb 24, 2017.
             Was a Follower of Lugonu.
             Slain by a jackal (3 damage)
             ... on level 1 of the Dungeon.
             The game lasted 00:05:19 (1272 turns).

CyberKiller the Skirmisher (FoAK)                   Turns: 1272, Time: 00:05:20

Health: -1/25      AC:  3    Str: 16    XL:     2   Next: 75%
Magic:  3/3        EV: 11    Int: 11    God:    Lugonu [*.....]
Gold:   25         SH:  0    Dex: 10    Spells: 0 memorised, 1 level left

rFire  . . .     SeeInvis +     a - +1 mace
rCold  . . .     Gourm    .     b - +0 leather armour
rNeg   . . .     Faith    .     (no shield)
rPois  .         Spirit   .     (helmet unavailable)
rElec  .         Reflect  .     (no cloak)
rCorr  .         Harm     .     (no gloves)
MR     .....                    (no boots)
Stlth  +.........               (no amulet)
                                (no ring)
                                (no ring)

@: no status effects
A: permanent stasis, dig shafts and tunnels, four strong arms, antennae 3
a: Dig, Shaft Self, Depart the Abyss, Renounce Religion


You were on level 1 of the Dungeon.
You worshipped Lugonu.
Lugonu was aware of your devotion.
You were not hungry.

You visited 1 branch of the dungeon, and saw 2 of its levels.
You visited the Abyss 1 time.

You collected 25 gold pieces.

Inventory:

Hand Weapons
 a - a +1 mace (weapon)
Missiles
 g - 2 stones (quivered)
Armour
 b - a +0 leather armour (worn)
Scrolls
 d - a scroll of identify {unknown}
Potions
 h - a potion of berserk rage {unknown}
Comestibles
 c - a bread ration
 f - a meat ration
 i - 3 chunks of flesh


   Skills:
 + Level 3.9 Fighting
 + Level 2.0 Maces & Flails
 + Level 2.2 Armour
 + Level 1.1 Dodging
 + Level 2.3 Invocations


You had one spell level left.
You didn't know any spells.

Dungeon Overview and Level Annotations

Branches:
Dungeon (2/15)

Altars:

Annotations:
D:2 Robin


Innate Abilities, Weirdness & Mutations

You are under a permanent stasis effect.
You can dig through walls and to a lower floor.
Your four strong arms can wield two-handed weapons with a shield.
You have a pair of large antennae on your head. (SInv)


Message History

You closely miss the jackal. The jackal misses you.
Okay, then.
You miss the jackal. The jackal bites you.
* * * LOW HITPOINT WARNING * * *
The jackal bites you but does no damage.
You hit the jackal but do no damage. The jackal barely misses you.
The jackal misses you.
You hit the jackal but do no damage. The jackal barely misses you.
The jackal closely misses you.
You hit the jackal.
The jackal is moderately wounded.
The jackal bites you.
* * * LOW HITPOINT WARNING * * *
The jackal barely misses you.
You barely miss the jackal.
The jackal is moderately wounded.
The jackal barely misses you. The jackal bites you.
* * * LOW HITPOINT WARNING * * *
It was a potion of haste.
Your stasis keeps you stable.
The jackal bites you.
You die...

.#........#......#
.########..##..### ..#
#.#......################ ..##
#.##.##.##...............
...######.#..##.##.##########.###
................>#.#.########.#.#
.#........#.####h..#^............
.#..#######.# #h#.#.########.#.#
##..## #.# #@#.#....#.# #.#.#
##...# #.####.#.#.####.# #....
##...######.#....#.#.#....#######
##...............#.#.#.#.........
.....######.#....#.#.#.#..#####.#
.##..# #.#....#.#.#.#.........
.##..## #.#....#.#.#...........
.##...#####.##...#.#.#...........
...................#.#.#.#.######


You could see 2 jackals.

Vanquished Creatures
  A bat (D:1)
  A giant cockroach (D:1)
  3 goblins (D:1)
  A hobgoblin (D:1)
  A jackal (D:2)
  A quokka (D:1)
  A frilled lizard (D:1)
  2 kobolds (D:1)
  4 rats (D:1)
15 creatures vanquished.

Notes
Turn   | Place    | Note
-------+----------+-------------------------------------------
     0 | Abyss:1  | CyberKiller the Formicid Abyssal Knight began the quest for the Orb.
     0 | Abyss:1  | Reached XP level 1. HP: 18/18 MP: 2/2
    23 | D:1      | Escaped the Abyss
    39 | D:1      | Reached skill level 1 in Dodging
   368 | D:1      | Reached XP level 2. HP: 21/25 MP: 3/3
  1213 | D:2      | Noticed Robin
  1272 | D:1      | Slain by a jackal

Skill      XL: |  1 |
---------------+----+-----
Dodging        | 1 |  1.1
Fighting       | |  3.9
Maces & Flails | |  2.0
Armour         | |  2.2
Invocations    | |  2.3

Action                   || total
-------------------------++-------
Melee: Mace              ||    68
 Abil: Dig               ||     2
  Use: Potion            ||     1
  Eat: Chunk             ||     1
Armor: Leather armour    ||    21
Dodge: Dodged            ||    65
